[Event "Early-Titled-Tuesday-Blitz-October-17-2023"]
[Site "Chess.com"]
[Date "2023.10.17"]
[Round "8"]
[White "crazy_m_attack"]
[Black "BeautiFullMindChess"]
[Result "1-0"]
[WhiteElo "2441"]
[BlackElo "2275"]
[TimeControl "180+1"]
[EndTime "9:32:05 PDT"]
[Termination "crazy_m_attack won by resignation"]

1. e4 e6 2. d4 d5 3. Nc3 Bb4 4. a3 Bxc3+ 5. bxc3 dxe4 6. Qg4 Nf6 7. Qxg7 Rg8 8. Qh6 b6 9. Ne2 Bb7 10. Qd2 Nc6 11.
c4 Qd7 12. Bb2 O-O-O 13. O-O-O h5 14. d5 Nxd5 15. cxd5 exd5 16. Nd4 Na5 17. Nb5 Kb8 18. Bc3 Nc6 19. Nd4 Ne5 20. f4 Ng4 21. Bb5 c6 22. Ba4 b5 23. Bb3 c5 24. Ne2 d4 25. Ba1 e3 26.
Qa5 Nf2 27. Rhf1 Nxd1 28. Rxd1 Rxg2 29. Nxd4 cxd4 30. Bxd4 Rd2 31. Bxa7+ Kc8 32. Re1 Rd1+ 33. Rxd1 Qxd1+ 34. Kb2 Qd4+ 35. Bxd4 Rxd4 36. Qc3+ Rc4 37. Bxc4 1-0

[Event "Early-Titled-Tuesday-Blitz-October-17-2023"]
[Site "Chess.com"]
[Date "2023.10.17"]
[Round "8"]
[White "MightyGMpretender"]
[Black "mishanick"]
[Result "0-1"]
[WhiteElo "2832"]
[BlackElo "3018"]
[TimeControl "180+1"]
[EndTime "9:32:06 PDT"]
[Termination "mishanick won by resignation"]

1. Nf3 d5 2. e3 Nf6 3. c4 c6 4.
Nc3 e6 5. d4 Nbd7 6. Be2 Bd6 7.
O-O O-O 8. b3 e5 9. dxe5 Nxe5 10. cxd5 cxd5 11. Bb2 Nxf3+ 12. Bxf3 Be5 13. Na4 Bxb2 14.
Nxb2 Bf5 15. Qd2 Qe7 16. Rfc1 Rfc8 17. Nd3 Bxd3 18. Qxd3 Qa3 19. Qd2 Rc6 20. Rxc6 bxc6 21. Rc1 Rc8 22. h3 h6 23. Rc2 a5 24. Qd4 Qb4 25.
g3 Qd6 26. Qc5 Qd8 27. Qd4 Qe7 28. Qb6 Nd7 29. Qxa5 Ne5 30. Bg2 Qe6 31. Qa6 Qf5 32.
Qe2 h5 33. a4 h4 34. g4 Qe6 35. a5 Ra8 36. Ra2 Qd6 37. a6 Qb4 38. Qc2 Qb6 39.
Bf1 Nf3+ 40. Kg2 Ne1+ 0-1

[Event "Early-Titled-Tuesday-Blitz-October-17-2023"]
[Site "Chess.com"]
[Date "2023.10.17"]
[Round "8"]
[White "Zhigalko_Sergei"]
[Black "baki83"]
[Result "1-0"]
[WhiteElo "2954"]
[BlackElo "2837"]
[TimeControl "180+1"]
[EndTime "9:32:07 PDT"]
[Termination "Zhigalko_Sergei won by resignation"]

1. e4 c5 2. Nf3 d6 3. d4 cxd4 4. Qxd4 a6 5. Bc4 Nc6 6. Qd3 Nf6 7. Nc3 e6 8. Bf4 Qc7 9. O-O-O b5 10. Bb3 Bb7 11.
Bxd6 Bxd6 12. Qxd6 Qxd6 13. Rxd6 b4 14. e5 bxc3 15. exf6 cxb2+ 16. Kxb2 gxf6 17. Ba4 Ke7 18. Rxc6 Bxc6 19. Bxc6 Rac8 20. Be4 f5 21. Bd3 a5 22. Re1 Rhg8 23. g3 Rg4 24. Bxf5 Rb4+ 25. Ka1 Rc3 26. Bd3 Ra3 27. Rb1 Rba4 28. Rb2 f5 29. Ne5 f4 30.
Bxh7 Kd6 31. Nd3 f3 32. Kb1 e5 33. Rb6+ Kc7 34. Re6 Rxa2 35. Rxe5 Ra1+ 36. Kb2 Rf1 37. Be4 Raa1 38. Bxf3 a4 39. Ra5 Rfb1+ 40. Kc3 a3 41. Bd5 Kd6 42. Bc4 Rb8 43. h4 Rc8 44. h5 a2 45. h6 Kc6 46. h7 Kb6 47. Ra6+ Kb7 48.
Ra3 Ra8 49. Rxa8 Rh1 50. Rxa2 1-0

[Event "Early-Titled-Tuesday-Blitz-October-17-2023"]
[Site "Chess.com"]
[Date "2023.10.17"]
[Round "8"]
[White "invisible_s0ul"]
[Black "maurovargas01"]
[Result "1-0"]
[WhiteElo "2280"]
[BlackElo "1925"]
[TimeControl "180+1"]
[EndTime "9:32:08 PDT"]
[Termination "invisible_s0ul won by checkmate"]

1. e4 c6 2. d4 d5 3. Nc3 dxe4 4. Nxe4 Nf6 5. Nxf6+ exf6 6. c3 Bd6 7. Bd3 O-O 8.
Qc2 h6 9. Ne2 Re8 10. Be3 Bg4 11. O-O-O b5 12. h3 Be6 13. Kb1 Qa5 14. a3 Nd7 15. Nf4 Bc4 16. Bxc4 bxc4 17. g4 Bxa3 18. Qf5 Bxb2 19. Qxa5 Rab8 20. Kc2 Rb5 21. Qxa7 Nb6 22. Rb1 Ra8 23. Qxa8+ Nxa8 24. Rxb2 Ra5 25. Rhb1 Nc7 26. Rb8+ Kh7 27. R8b7 Nb5 28. Bc1 Kg8 29. Rb8+ Kh7 30. d5 Na3+ 31. Bxa3 Rxa3 32. dxc6 Ra2+ 33. R1b2 Ra7 34.
R8b7 Ra8 35. c7 Rc8 36. Nd5 g6 37. Ne7 Re8 38. c8=Q Rxc8 39. Nxc8 Kg7 40. Nd6 Kf8 41. Rxf7+ Kg8 42. Rb8# 1-0

[Event "Early-Titled-Tuesday-Blitz-October-17-2023"]
[Site "Chess.com"]
[Date "2023.10.17"]
[Round "8"]
[White "Laico"]
[Black "Alphafischer2019"]
[Result "0-1"]
[WhiteElo "2448"]
[BlackElo "2597"]
[TimeControl "180+1"]
[EndTime "9:32:10 PDT"]
[Termination "Alphafischer2019 won on time"]

1. e4 c5 2. Nc3 Nc6 3. f4 g6 4. Nf3 Bg7 5. Bb5 Nd4 6. O-O a6 7. Bc4 b5 8. Bd5 Rb8 9. d3 e6 10. Bb3 Ne7 11. Nxd4 cxd4 12. Ne2 d6 13. Ng3 O-O 14.
Bd2 Kh8 15. Qe1 f5 16. Bb4 Nc6 17. Bd2 Bd7 18. exf5 exf5 19. Qf2 Qf6 20. Rae1 Rfe8 21. Bd5 h6 22. Re2 Rxe2 23. Nxe2 Re8 24. Re1 Kh7 25. Nc1 Rxe1+ 26. Qxe1 Ne7 27. Bb3 Bc6 28. Qe6 Qh4 29. Ne2 Qg4 30. Ng3 Qh4 31. Be1 Qf6 32. Qxf6 Bxf6 33.
Bf2 Bd5 34. Ne2 Bxb3 35. axb3 Nc6 36. Kf1 Kg7 37. Ke1 Kf7 38. Kd2 Ke6 39. c3 Kd5 40. Kc2 a5 41. c4+ Kc5 42. Nc3 bxc4 43. dxc4 Nb4+ 44.
Kd2 g5 45. Nb5 gxf4 46. Bg1 h5 47. Bf2 h4 48. h3 Nc6 49. Kd3 Bg7 50. Bxh4 Nb4+ 51. Kd2 a4 0-1

[Event "Early-Titled-Tuesday-Blitz-October-17-2023"]
[Site "Chess.com"]
[Date "2023.10.17"]
[Round "8"]
[White "Balla_Tamas"]
[Black "Actuary44"]
[Result "0-1"]
[WhiteElo "2391"]
[BlackElo "2518"]
[TimeControl "180+1"]
[EndTime "9:32:10 PDT"]
[Termination "Actuary44 won on time"]

1. e4 c5 2. c3 d5 3. exd5 Qxd5 4. d4 cxd4 5. cxd4 Nc6 6. Nf3 Bg4 7. Be2 e6 8. Nc3 Bb4 9. O-O Bxc3 10. bxc3 Nge7 11.
h3 Bf5 12. Be3 O-O 13. c4 Qa5 14. Bd3 Rfd8 15. Bxf5 Nxf5 16. Qe2 Ncxd4 17. Nxd4 Nxd4 18. Bxd4 Rxd4 19. Rfd1 Rad8 20. Rxd4 Rxd4 21. Rc1 Qd2 22. Qf1 Qxa2 23. c5 Qd5 24. Qe1 h6 25. Qa5 Rd1+ 26. Rxd1 Qxd1+ 27. Kh2 a6 28. Qc7 Qd5 29. Qb8+ Kh7 30.
Qc7 Kg6 31. g3 h5 32. h4 Qc6 33. Qe5 a5 34. Qe3 Kh7 35. Qd3+ f5 36. Qe2 Kg6 37. Qe3 Kf7 38. Qg5 Qxc5 39. Qxh5+ Ke7 40. Qg5+ Kf8 0-1

[Event "Early-Titled-Tuesday-Blitz-October-17-2023"]
[Site "Chess.com"]
[Date "2023.10.17"]
[Round "8"]
[White "salomez"]
[Black "Fh2411"]
[Result "1-0"]
[WhiteElo "2360"]
[BlackElo "2525"]
[TimeControl "180+1"]
[EndTime "9:32:11 PDT"]
[Termination "salomez won by resignation"]

1. e4 c6 2. d4 d5 3. exd5 cxd5 4. Bd3 Nc6 5. c3 Nf6 6. h3 g6 7. Nf3 Bf5 8. Be2 Bg7 9. O-O O-O 10. Nbd2 a6 11. a4 Ne4 12. Re1 Re8 13. Nf1 Rc8 14. Ne3 Qd7 15. Bf1 Be6 16. g4 h6 17. Bg2 Na5 18.
Ne5 Qd6 19. f4 Qb6 20. f5 Bxe5 21. fxe6 Bg3 22. exf7+ Kxf7 23. Nxd5 Qb3 24. Bxe4 Bxe1 25. Qxe1 Kg7 26. Qe3 Qd1+ 27. Kg2 g5 28. Rb1 Rf8 29. Bd2 Qb3 30. Nxe7 Nc4 31. Qd3 Rce8 32. Nf5+ Rxf5 33. Bxf5 Nxd2 34. Qxd2 Qd5+ 35. Kh2 Qf3 36. Re1 Rxe1 37. Qxe1 Qf4+ 38. Kg2 1-0

[Event "Early-Titled-Tuesday-Blitz-October-17-2023"]
[Site "Chess.com"]
[Date "2023.10.17"]
[Round "8"]
[White "kirillshevchenko"]
[Black "Lion-Al-Messi"]
[Result "1-0"]
[WhiteElo "2924"]
[BlackElo "2667"]
[TimeControl "180+1"]
[EndTime "9:32:12 PDT"]
[Termination "kirillshevchenko won by resignation"]

1. c4 c5 2. Nf3 Nc6 3. Nc3 e5 4.
e3 Nf6 5. d4 e4 6. Ne5 h5 7.
Be2 Bd6 8. Nxc6 dxc6 9. b3 cxd4 10. Qxd4 Bb4 11. Qxd8+ Kxd8 12. Bd2 Bd6 13. O-O-O Be6 14. h3 Ke7 15. Na4 Rhd8 16. Bc3 c5 17. Bxf6+ Kxf6 18. Bxh5 Ke5 19. Rd2 b6 20. Rhd1 Bc7 21.
Nc3 Rxd2 22. Rxd2 Rd8 23. Rxd8 Bxd8 24. g3 f5 25. h4 a6 26. Be8 Kd6 27. Kc2 Bf6 28. Ne2 Be5 29. Nf4 Bxf4 30. exf4 Ke7 31. Bh5 Kf6 32. Be2 Bd7 33. Kd2 Bc6 34. Ke3 a5 35. f3 a4 36. fxe4 Bxe4 37. bxa4 Bc2 38.
a5 bxa5 39. Kd2 Be4 40. Ke3 Bc2 41. Bf3 Bb1 42. a3 Bc2 43. Kd2 Bb3 44. Kc3 Ba4 45.
Bd5 Bd7 46. Kd2 Ke7 47. Bb7 Kd6 48. Ba6 Ke7 49. Kc2 Kf6 50. Bb5 Bc8 51. Kb3 Kg6 52. Be8+ Kf6 53. Ka4 Ba6 54. Bb5 1-0

[Event "Early-Titled-Tuesday-Blitz-October-17-2023"]
[Site "Chess.com"]
[Date "2023.10.17"]
[Round "8"]
[White "whitemirrorninja"]
[Black "RETURNOFTHELAGGER"]
[Result "1-0"]
[WhiteElo "2545"]
[BlackElo "2667"]
[TimeControl "180+1"]
[EndTime "9:32:14 PDT"]
[Termination "whitemirrorninja won by resignation"]

1. e4 c5 2. Nf3 d6 3. d4 cxd4 4. Nxd4 Nf6 5. f3 a6 6. c4 g6 7. Nc3 Bg7 8. Be3 O-O 9. Be2 Nbd7 10. O-O Qa5 11. a3 Ne5 12. b4 Qc7 13. Rc1 Re8 14. Qd2 h5 15. h3 b6 16. f4 Nxc4 17. Bxc4 Qxc4 18. Nce2 Nxe4 19. Rxc4 Nxd2 20. Bxd2 Bb7 21. Rc7 Bd5 22. Be3 e5 23. fxe5 Rxe5 24. Bf4 Re4 25. Rd1 a5 26. bxa5 Rxa5 27. Bxd6 b5 28. Bb4 Ra8 29.
Nxb5 Bb3 30. Rd2 Bh6 31. Rb2 Be6 32. Bc5 Bg7 33. Bd4 Bf8 34. Nbc3 Rh4 35. Bf2 Rc4 36. Rxc4 Bxc4 37. a4 Bg7 38. Bd4 Bf8 39. Kf2 Ba3 40. Rb7 Rd8 41. Bf6 Re8 42. Rc7 Be6 43. Nf4 Bd6 44.
Nxe6 Bxc7 45. Nxc7 Rc8 46. N3d5 Kh7 47. a5 1-0

[Event "Early-Titled-Tuesday-Blitz-October-17-2023"]
[Site "Chess.com"]
[Date "2023.10.17"]
[Round "8"]
[White "ExcitingTrap"]
[Black "DrCeltic"]
[Result "0-1"]
[WhiteElo "2399"]
[BlackElo "2556"]
[TimeControl "180+1"]
[EndTime "9:32:18 PDT"]
[Termination "DrCeltic won by resignation"]

1. e4 c5 2. Nf3 e6 3. d4 cxd4 4. Nxd4 Nf6 5. Bd3 Nc6 6. Nxc6 bxc6 7. c4 d5 8. Nc3 Be7 9. O-O O-O 10. Qf3 a5 11.
cxd5 cxd5 12. exd5 Bb7 13. Qh3 Bxd5 14. Nxd5 Qxd5 15.
Be2 Rac8 16. Be3 Rc2 17. Bf3 Qe5 18. b3 Nd5 19. Rae1 Rxa2 20. Bc5 Qf6 21. Be4 g6 22.
Be3 Nxe3 23. Rxe3 Bc5 24. Rf3 Qe5 25. Bb1 Rb2 26. Qh6 Rd8 27. Bd3 Rxf2 28. R1xf2 Rxd3 29. Qc1 Rxf3 30. gxf3 Qd4 31. Qf1 Qxf2+ 32. Qxf2 Bxf2+ 33. Kxf2 Kf8 34. Ke3 Ke7 35. Kd4 Kd6 36. Kc4 Kc6 37. f4 f6 38. Kd4 Kb5 0-1

[Event "Early-Titled-Tuesday-Blitz-October-17-2023"]
[Site "Chess.com"]
[Date "2023.10.17"]
[Round "8"]
[White "secretsuperstar7"]
[Black "Mikhail_Golubev"]
[Result "1-0"]
[WhiteElo "2472"]
[BlackElo "2567"]
[TimeControl "180+1"]
[EndTime "9:32:20 PDT"]
[Termination "secretsuperstar7 won on time"]

1. c4 g6 2. Nc3 Bg7 3. g3 e5 4. Bg2 Nc6 5. Nf3 d6 6. O-O f5 7. d4 e4 8. Ng5 Nxd4 9. f3 exf3 10. exf3 Ne7 11. Be3 Ne6 12. Re1 O-O 13. Nxe6 Bxe6 14.
Bg5 Bf6 15. Bh6 Bxc4 16. Bxf8 Qxf8 17. f4 Nc6 18. Rc1 Bf7 19. Nd5 Bxd5 20. Bxd5+ Kh8 21. Bxc6 bxc6 22. Rxc6 Rb8 23. b3 Qd8 24. Qc2 Bd4+ 25. Kg2 Bc5 26. b4 Qd7 27. Ra6 Rxb4 28. Qc3+ Kg8 29.
Qd3 Qc8 30. Qd5+ Kf8 31. Rc6 Rd4 32. Qe6 Qxe6 33. Rxe6 Kf7 34. Re2 a5 35. Rxc7+ Kf6 36. Rxh7 d5 37. Rd7 Re4 38. Rc2 Bb4 39. Rxd5 1-0

[Event "Early-Titled-Tuesday-Blitz-October-17-2023"]
[Site "Chess.com"]
[Date "2023.10.17"]
[Round "8"]
[White "whiteglovethief"]
[Black "Smiechu"]
[Result "0-1"]
[WhiteElo "2647"]
[BlackElo "2509"]
[TimeControl "180+1"]
[EndTime "9:32:22 PDT"]
[Termination "Smiechu won on time"]

1. d4 Nf6 2. c4 c5 3. d5 e6 4. Nc3 exd5 5. cxd5 d6 6. e4 g6 7. f4 Bg7 8. e5 Nfd7 9. Nb5 O-O 10. Nxd6 Nxe5 11.
Nxc8 Re8 12. fxe5 Qh4+ 13. Kd2 Rxc8 14. Nf3 Qg4 15. Kc2 Nd7 16. Bd2 c4 17. Bc3 Qe4+ 18. Bd3 cxd3+ 19. Qxd3 Qg4 20. Kb1 Qxg2 21. Re1 Nc5 22.
Qe2 Qg4 23. Nd4 Qh3 24. a4 Nd3 25. e6 Nxe1 26. exf7+ Kh8 27. Qxe1 Qd3+ 28. Ka2 Bxd4 29. Bxd4+ Qxd4 30. Rc1 Qxd5+ 31. b3 Qxf7 32. Qe5+ Qg7 33. Rxc8+ Rxc8 34. Qe6 Rc2+ 35. Ka3 Qa1+ 36. Kb4 Qc3+ 37. Ka3 Qc5+ 38. b4 Qc3+ 0-1

[Event "Early-Titled-Tuesday-Blitz-October-17-2023"]
[Site "Chess.com"]
[Date "2023.10.17"]
[Round "8"]
[White "stratacticos"]
[Black "CraiggoryC"]
[Result "0-1"]
[WhiteElo "1716"]
[BlackElo "2196"]
[TimeControl "180+1"]
[EndTime "9:32:22 PDT"]
[Termination "CraiggoryC won on time"]

1. b4 Nf6 2. Bb2 e6 3. b5 d5 4.
Nf3 Be7 5. e3 O-O 6. Be2 a6 7.
a4 Nbd7 8. O-O Nc5 9. d3 axb5 10. axb5 Rxa1 11. Bxa1 Bd7 12. c4 Qa8 13. Nc3 dxc4 14.
dxc4 Rd8 15. Qc2 b6 16. Bb2 Bc8 17. Ra1 Qb8 18. Ng5 h6 19. Nf3 Bb7 20. Nd4 Qc8 21.
Bf3 Bxf3 22. Nxf3 Bd6 23. e4 e5 24. h3 Nh5 25. Nd5 Qe6 26. Ra7 Nf4 27. Nxc7 Bxc7 28. Rxc7 Ncd3 29. Ba3 Qg6 30. Nh4 Qxe4 31. f3 Qe3+ 32.
Kh2 Qe1 33. Nf5 Nf2 34. Nxg7 Qh1+ 35. Kg3 Qxg2+ 0-1

[Event "Early-Titled-Tuesday-Blitz-October-17-2023"]
[Site "Chess.com"]
[Date "2023.10.17"]
[Round "8"]
[White "sorch29"]
[Black "Tagliata"]
[Result "1-0"]
[WhiteElo "2410"]
[BlackElo "2134"]
[TimeControl "180+1"]
[EndTime "9:32:23 PDT"]
[Termination "sorch29 won on time"]

1. c4 c6 2. Nf3 d5 3. e3 Nf6 4.
Nc3 e6 5. b3 Be7 6. Bb2 O-O 7.
Qc2 Nbd7 8. g4 Nxg4 9. Rg1 f5 10.
h3 Ngf6 11. O-O-O h6 12. Ne2 Rf7 13. Nf4 Nb6 14. Ne5 Rf8 15. Nfg6 Re8 16. Nxe7+ Qxe7 17. Be2 Nbd7 18. Rg2 Nf8 19. Rdg1 g5 20. f4 N6h7 21.
Nf3 Ng6 22. fxg5 h5 23. Ne5 Nh4 24. g6 Nxg2 25. gxh7+ Kxh7 26. Rxg2 Rg8 27. Rxg8 Kxg8 28. Bxh5 Qg5 29. Bf7+ Kf8 30. Qc3 Qg1+ 31. Kc2 b6 32.
Bh5 Bb7 33. Nd7+ Ke7 34. Qf6+ Kxd7 35. Qf7+ Kd6 36. Qxb7 Qg8 37. Ba3+ 1-0

[Event "Early-Titled-Tuesday-Blitz-October-17-2023"]
[Site "Chess.com"]
[Date "2023.10.17"]
[Round "8"]
[White "MerryPoppies"]
[Black "Felix-Rose"]
[Result "0-1"]
[WhiteElo "2134"]
[BlackElo "2314"]
[TimeControl "180+1"]
[EndTime "9:32:24 PDT"]
[Termination "Felix-Rose won on time"]

1. d4 d5 2. Nf3 Nf6 3. Bf4 e6 4. e3 Bd6 5. Bxd6 cxd6 6. c4 dxc4 7. Bxc4 O-O 8. Nc3 b6 9. O-O Ba6 10. Bxa6 Nxa6 11. Qa4 Qc8 12. Rac1 Qb7 13. Nb5 Rfd8 14.
Rc2 Nd5 15. Rfc1 Nab4 16. Rc4 a6 17. Nc7 b5 18. Rxb4 Nxb4 19. Qxb4 Rac8 20. Rc3 Rxc7 21. h3 Rdc8 22. Kh2 Rxc3 23. bxc3 d5 24. Ne5 Qc7 25.
g3 f6 26. Nf3 Qxc3 27. Qe7 Qc6 28. h4 Re8 29. Qa7 e5 30. dxe5 fxe5 31. h5 d4 32. Ng5 dxe3 33. Qf7+ Kh8 34. fxe3 h6 35. Nh3 Qe6 36. Qf3 Qe7 37. Nf2 Rf8 38. Qe2 Qb4 39.
Ng4 Qe4 40. Kh3 Rf7 0-1

[Event "Early-Titled-Tuesday-Blitz-October-17-2023"]
[Site "Chess.com"]
[Date "2023.10.17"]
[Round "8"]
[White "UK_23"]
[Black "GlavkonVVS"]
[Result "0-1"]
[WhiteElo "2409"]
[BlackElo "2569"]
[TimeControl "180+1"]
[EndTime "9:32:25 PDT"]
[Termination "GlavkonVVS won on time"]

1. e4 c5 2. Nf3 d6 3. Bb5+ Nd7 4. c4 g6 5. d4 cxd4 6. Nxd4 Bg7 7. Nc3 Nf6 8. O-O O-O 9. Bxd7 Bxd7 10. b3 Rc8 11.
Bb2 a6 12. Qd3 Qa5 13. Rad1 b5 14. cxb5 axb5 15. Ndxb5 Bxb5 16. Qxb5 Qxb5 17. Nxb5 Nxe4 18. Bxg7 Kxg7 19. Rc1 Rb8 20. Rfe1 Nc5 21. Nd4 Nd3 22. Rcd1 Nxe1 23. Rxe1 e6 24. h4 Rfc8 25. Re2 Rb4 26. Rd2 d5 27. f4 Kf6 28. Kf2 Rc3 29. g3 h6 30. Nf3 Ke7 31. Ne5 Re4 32. Nd3 Kd6 33.
Kf3 f6 34. Kf2 g5 35. fxg5 hxg5 36. h5 e5 37. Nb2 Ke6 38. Nd1 Rc8 39. Ne3 d4 40. Nc4 f5 41. Kf3 g4+ 42. Kg2 f4 43. gxf4 exf4 44. Rd1 Rh8 45. Rh1 Re2+ 46. Kf1 f3 47. h6 Kf5 48. Nd6+ Kf4 49. h7 Re7 50. Rh5 Rhxh7 51. Rf5+ Kg3 0-1

[Event "Early-Titled-Tuesday-Blitz-October-17-2023"]
[Site "Chess.com"]
[Date "2023.10.17"]
[Round "8"]
[White "JimDiGrease"]
[Black "N4700000"]
[Result "1/2-1/2"]
[WhiteElo "2895"]
[BlackElo "2546"]
[TimeControl "180+1"]
[EndTime "9:32:27 PDT"]
[Termination "Game drawn by repetition"]

1. d4 Nf6 2. c4 g6 3. Nc3 Bg7 4.
e4 d6 5. Nf3 O-O 6. Be2 Na6 7.
O-O e5 8. Be3 Ng4 9. Bg5 Qe8 10.
h3 h6 11. Bh4 Nf6 12. d5 Nh5 13. Re1 Nf4 14. Bf1 f5 15. Bg3 g5 16. Bxf4 gxf4 17.
Bd3 Nc5 18. Bc2 a5 19. b3 Qf7 20. a3 Kh8 21. Qe2 Rg8 22. b4 Nxe4 23. Nxe4 fxe4 24. Qxe4 Bf6 25. Kh2 Qg7 26. Rg1 axb4 27. g3 Qd7 28.
g4 bxa3 29. c5 Qe7 30. cxd6 cxd6 31. Bd3 Bd7 32. Rgc1 Rgc8 33. Rxc8+ Bxc8 34. Rc1 a2 35. Qg6 Qg7 36. Qe8+ Qg8 37. Qh5 Qf8 38. Qg6 Qg7 39. Qe8+ Qg8 40. Qh5 Qg7 41. Qe8+ 1/2-1/2

[Event "Early-Titled-Tuesday-Blitz-October-17-2023"]
[Site "Chess.com"]
[Date "2023.10.17"]
[Round "8"]
[White "beccrajoy"]
[Black "Iskusnyh"]
[Result "0-1"]
[WhiteElo "2003"]
[BlackElo "2570"]
[TimeControl "180+1"]
[EndTime "9:32:28 PDT"]
[Termination "Iskusnyh won by resignation"]

1. e4 e6 2. d4 d5 3. e5 c5 4. c3 Nc6 5. Nf3 Nh6 6. Bd3 cxd4 7. O-O Nf5 8. Re1 Be7 9. Bxf5 exf5 10. Nxd4 O-O 11.
e6 fxe6 12. Nxe6 Bxe6 13. Rxe6 d4 14. Bf4 Qd5 15. Qb3 Qxb3 16. axb3 Rad8 17. Nd2 g5 18.
Be5 Kf7 19. Rxc6 bxc6 20. cxd4 Rd7 21. Nc4 Rfd8 22. h3 g4 23. hxg4 fxg4 24. Ra6 c5 25. Bf4 Rxd4 26. Ne5+ Ke8 27. Bg3 Rd1+ 28. Kh2 Rb1 29.
Rh6 Rdd1 30. Bf4 Rh1+ 31. Kg3 Rxh6 32. Bxh6 Rxb2 33. Bg7 Rxb3+ 34. f3 gxf3 35. gxf3 Bd6 36. Kg4 Bxe5 37. Bxe5 a5 38. f4 a4 39. Kf5 a3 40.
Ke4 a2 41. Kd5 Rb1 42. Kxc5 a1=Q 43. Bxa1 Rxa1 44. Kd5 Kf7 45. Ke5 Ra5+ 46. Ke4 Kf6 47. Kf3 Kf5 0-1

[Event "Early-Titled-Tuesday-Blitz-October-17-2023"]
[Site "Chess.com"]
[Date "2023.10.17"]
[Round "8"]
[White "PeshkaCh"]
[Black "rasmussvane"]
[Result "1/2-1/2"]
[WhiteElo "2824"]
[BlackElo "2984"]
[TimeControl "180+1"]
[EndTime "9:32:29 PDT"]
[Termination "Game drawn by repetition"]

1. Nf3 d5 2. d4 Nf6 3. c4 e6 4. Nc3 a6 5. cxd5 exd5 6. Bg5 Be6 7. e3 Nbd7 8. Bd3 Bd6 9. O-O c6 10. Qc2 Qc7 11. h3 h6 12. Bxf6 Nxf6 13. Rac1 O-O 14. a3 Qe7 15. Rfe1 Rfe8 16. e4 dxe4 17. Nxe4 Nxe4 18.
Bxe4 Qf6 19. Ne5 Rad8 20. Rcd1 g6 21. Re3 Bxe5 22. dxe5 Rxd1+ 23. Qxd1 Qg5 24. Qe2 Rd8 25. Bc2 Kg7 26. Qe1 c5 27. Qa5 Qe7 28. Be4 Rd1+ 29. Re1 Rxe1+ 30. Qxe1 Qd7 31. Qc3 b6 32. Qf3 Qd8 33. Qf4 a5 34. Bf3 b5 35. Qe3 Qc7 36. Qf4 Qd8 37. Qe3 Qe7 38. Bc6 b4 39. axb4 axb4 40.
Qe4 c4 41. Bd5 c3 42. Bxe6 Qxe6 43. Qxb4 c2 44. Qc3 Qf5 45. e6+ Kf8 46. Qc8+ Kg7 47.
Qc3+ Kf8 48. Qc8+ Kg7 49. Qc3+ 1/2-1/2

[Event "Early-Titled-Tuesday-Blitz-October-17-2023"]
[Site "Chess.com"]
[Date "2023.10.17"]
[Round "8"]
[White "FunnyDuck66"]
[Black "AndresDelgado77"]
[Result "1-0"]
[WhiteElo "2478"]
[BlackElo "2341"]
[TimeControl "180+1"]
[EndTime "9:32:29 PDT"]
[Termination "FunnyDuck66 won on time"]

1. d4 Nf6 2. Nf3 c5 3. d5 b5 4.
Bg5 Ne4 5. Bh4 g6 6. Nbd2 Nxd2 7. Qxd2 d6 8. e4 a6 9. c3 Bg4 10. a4 Nd7 11. Be2 Bxf3 12. Bxf3 Bg7 13. Be2 O-O 14. O-O Nf6 15. Bxf6 Bxf6 16. axb5 axb5 17. Rxa8 Qxa8 18. Bxb5 Rb8 19. Bc4 Qa4 20. b3 Qa5 21. Rc1 Ra8 22. f4 Qa2 23. Qe1 Qb2 24. Bd3 Qxb3 25.
e5 dxe5 26. fxe5 Bg5 27. Rb1 Qa3 28. d6 exd6 29. exd6 c4 30. Bxc4 Qc5+ 31. Qf2 Qxc4 32. Qf3 Rd8 33. Rd1 Qe6 34. c4 Qe3+ 35. Qxe3 Bxe3+ 36. Kf1 Bc5 37. d7 Kf8 38. Rd5 Be7 39. c5 1-0

[Event "Early-Titled-Tuesday-Blitz-October-17-2023"]
[Site "Chess.com"]
[Date "2023.10.17"]
[Round "8"]
[White "midedu"]
[Black "Khuslen2008"]
[Result "0-1"]
[WhiteElo "2006"]
[BlackElo "2285"]
[TimeControl "180+1"]
[EndTime "9:32:30 PDT"]
[Termination "Khuslen2008 won by resignation"]

1. e4 c5 2. Nc3 e6 3. g3 d5 4.
exd5 exd5 5. d4 cxd4 6. Qxd4 Nf6 7. Bg2 Nc6 8. Qd1 Bb4 9. a3 Bxc3+ 10. bxc3 Be6 11. Ne2 O-O 12. O-O Rc8 13. Nd4 Nxd4 14. cxd4 Bf5 15. Ra2 Qc7 16. Bg5 Ne4 17. Bf4 Qc4 18. Rb2 b6 19. Re1 Rfe8 20. Re3 h6 21. Bf1 Qa4 22. Qh5 Bg6 23. Qxd5 Red8 24. Qb7 Qxd4 25.
Rb4 Qd1 26. Rbxe4 Bxe4 27. Rxe4 Rxc2 28. Re7 Rf8 29. Qxa7 Rb2 30. Rd7 Qf3 31. Be3 Rb1 32.
Qa6 Re8 33. Qd3 Rb2 34. Rd8 Rxd8 35. Qxd8+ Kh7 36. Bd3+ g6 37. Qd7 h5 38. a4 Ra2 39.
Bd4 Rd2 40. Be3 Rd1+ 41. Bf1 Rxd7 42. Bxb6 Rd1 43. Be3 Qe2 44. Kg2 Qxf1+ 0-1

[Event "Early-Titled-Tuesday-Blitz-October-17-2023"]
[Site "Chess.com"]
[Date "2023.10.17"]
[Round "8"]
[White "Semetey"]
[Black "Makswolf200817"]
[Result "0-1"]
[WhiteElo "2541"]
[BlackElo "2692"]
[TimeControl "180+1"]
[EndTime "9:32:31 PDT"]
[Termination "Makswolf200817 won on time"]

1. a3 d5 2. d4 Nf6 3. Nf3 Bf5 4.
Bf4 e6 5. e3 Bd6 6. Nbd2 O-O 7.
Ne5 Nbd7 8. Bd3 Ne4 9. g4 Bxe5 10. dxe5 Bg6 11. h4 Nxd2 12. Qxd2 Bxd3 13. cxd3 c5 14. d4 c4 15. h5 b5 16. g5 a5 17. g6 fxg6 18.
hxg6 h6 19. Qe2 Rf5 20. Qg4 Nf8 21. Rh5 Rxh5 22. Qxh5 b4 23. a4 Qe8 24. Kd2 Qxg6 25.
Qxg6 Nxg6 26. Rg1 Kh7 27. Bg3 Rf8 28. Rh1 Ne7 29. Ke2 g5 30. Rc1 Kg6 31. f3 Nf5 32. Bf2 Rc8 33. e4 Ne7 34. Rg1 c3 35. bxc3 Rxc3 36.
f4 dxe4 37. fxg5 hxg5 38. Be3 Nf5 39. Rxg5+ Kf7 40. Bf2 e3 41. Be1 Nxd4+ 42. Kf1 e2+ 43. Kf2 Rf3+ 44. Kg2 Rf1 45. Rg4 Nf5 46. Rc4 Ne3+ 0-1

[Event "Early-Titled-Tuesday-Blitz-October-17-2023"]
[Site "Chess.com"]
[Date "2023.10.17"]
[Round "8"]
[White "KatakuriDono"]
[Black "Langua_Chess"]
[Result "1/2-1/2"]
[WhiteElo "2390"]
[BlackElo "2493"]
[TimeControl "180+1"]
[EndTime "9:32:34 PDT"]
[Termination "Game drawn by repetition"]

1. d4 d5 2. c4 e6 3. Nc3 h6 4. cxd5 exd5 5. Nf3 Nf6 6. Bf4 Bd6 7. Bxd6 Qxd6 8. e3 c6 9. Bd3 O-O 10. Qc2 Na6 11. a3 Nc7 12. b4 a5 13. b5 c5 14.
dxc5 Qxc5 15. O-O Be6 16. Nd4 Rfc8 17. Na4 Qd6 18. Qe2 Bd7 19. Rfc1 Ne6 20. Nxe6 fxe6 21. Qb2 Rf8 22. h3 Rac8 23. Rxc8 Rxc8 24. Rc1 Rc7 25. Rxc7 Qxc7 26. Qd4 Qc1+ 27. Kh2 Qxa3 28. Nb6 Qd6+ 29. f4 Be8 30. Nc8 Qc7 31. Na7 b6 32. Nc6 Bxc6 33.
bxc6 Qxc6 34. Qe5 Nd7 35. Qh5 Nf6 36. Qg6 Qd6 37. g4 a4 38. h4 a3 39. g5 hxg5 40.
hxg5 Ne4 41. Bxe4 dxe4 42. Qe8+ Qf8 43. Qa4 Qf7 44. Qxe4 Qh5+ 45. Kg3 a2 46. Qxe6+ Qf7 47. Qc8+ Kh7 48. Qh3+ Kg8 49. Qc8+ Qf8 50. Qe6+ Qf7 51. Qc8+ 1/2-1/2

[Event "Early-Titled-Tuesday-Blitz-October-17-2023"]
[Site "Chess.com"]
[Date "2023.10.17"]
[Round "8"]
[White "djokovic74"]
[Black "dosto07"]
[Result "1-0"]
[WhiteElo "2742"]
[BlackElo "2557"]
[TimeControl "180+1"]
[EndTime "9:32:36 PDT"]
[Termination "djokovic74 won on time"]

1. e4 e5 2. Nf3 Nc6 3. Bb5 a6 4. Ba4 Nf6 5. O-O Be7 6. d3 b5 7.
Bb3 d6 8. a3 Na5 9. Ba2 c5 10.
Nc3 Be6 11. Bd2 O-O 12. b4 Nc6 13. Nd5 Bxd5 14. exd5 Nd4 15. bxc5 Nxf3+ 16. Qxf3 dxc5 17. Rfe1 Bd6 18. a4 Re8 19. Bg5 h6 20. Bh4 g5 21.
Bg3 Nd7 22. Qf5 Ra7 23. axb5 axb5 24. Bb3 Qa8 25. Rxa7 Qxa7 26. c3 Qc7 27. Bc2 Nf8 28. Qf6 Ng6 29. d4 Be7 30. Qf5 cxd4 31. cxd4 Qc3 32.
Rf1 exd4 33. d6 Bf8 34. Be4 Qc8 35. d7 Qd8 36. dxe8=Q Qxe8 37. Bd5 Kg7 38. Qd3 Bc5 39. Be4 Qe7 40. Bxg6 fxg6 41. Qxb5 1-0